[ PARTIDA AOE2 · #469971799 ]
UnrankedMapuche vs Franks
[ ANÁLISIS DE REPETICIÓN · EXTRAÍDO DE LA PARTIDA GRABADA ]
Feudal
12:05
Castillos
15:46
Imperial
36:14
| APM promedio | 32.7 |
| APM pico | 82 |
| eAPM promedio | 13.3 |
| Aldeanos / militares | 160 / 321 |
Foco
⚔️ 37.5% · 🌾 62.5%
Bolas Rider ×183 · Kona ×94 · Trade Cart ×60 · Unknown (2550) ×45 · Spearman ×35 · Trebuchet (Packed) ×4
Feudal
9:42
Castillos
15:16
Imperial
30:49
| APM promedio | 30.1 |
| APM pico | 64 |
| eAPM promedio | 17.3 |
| Aldeanos / militares | 147 / 642 |
Foco
⚔️ 49.2% · 🌾 50.8%
Skirmisher ×262 · Knight ×171 · Scout Cavalry ×126 · Spearman ×44 · Throwing Axeman ×33 · Unknown (1260) ×10
Feudal
10:23
Castillos
18:51
Imperial
32:32
| APM promedio | 16.6 |
| APM pico | 55 |
| eAPM promedio | 12.9 |
| Aldeanos / militares | 150 / 620 |
Foco
⚔️ 43.8% · 🌾 56.2%
Spearman ×415 · Knight ×107 · Teutonic Knight ×79 · Trade Cart ×18 · Bombard Cannon ×10 · Trebuchet (Packed) ×6
Feudal
11:48
Castillos
21:27
Imperial
35:05
| APM promedio | 25.8 |
| APM pico | 71 |
| eAPM promedio | 15.2 |
| Aldeanos / militares | 190 / 409 |
Foco
⚔️ 27.0% · 🌾 73.0%
Steppe Lancer ×201 · Kipchak ×85 · Scout Cavalry ×61 · Trade Cart ×39 · Unknown (1260) ×35 · Skirmisher ×31
Feudal
11:49
Castillos
15:32
Imperial
30:42
| APM promedio | 29.3 |
| APM pico | 69 |
| eAPM promedio | 24.6 |
| Aldeanos / militares | 282 / 904 |
Foco
⚔️ 60.7% · 🌾 39.3%
Spearman ×614 · Huskarl ×269 · Trade Cart ×15 · Militia ×12 · Trebuchet (Packed) ×9
Feudal
12:18
Castillos
15:56
Imperial
29:55
| APM promedio | 42.0 |
| APM pico | 91 |
| eAPM promedio | 23.7 |
| Aldeanos / militares | 144 / 730 |
Foco
⚔️ 29.3% · 🌾 70.7%
Scout Cavalry ×431 · Mangudai ×157 · Scorpion ×127 · Trade Cart ×38 · Unknown (1260) ×15 · Battering Ram ×13
Feudal
10:32
Castillos
15:17
Imperial
29:33
| APM promedio | 24.3 |
| APM pico | 43 |
| eAPM promedio | 18.4 |
| Aldeanos / militares | 216 / 470 |
Foco
⚔️ 48.6% · 🌾 51.4%
Skirmisher ×165 · Longbowman ×104 · Archer ×99 · Spearman ×81 · Trebuchet (Packed) ×19 · Mangonel ×2
Feudal
11:47
Castillos
15:37
Imperial
36:42
| APM promedio | 20.9 |
| APM pico | 45 |
| eAPM promedio | 15.9 |
| Aldeanos / militares | 265 / 311 |
Foco
⚔️ 23.4% · 🌾 76.6%
Skirmisher ×222 · Hand Cannoneer ×59 · Hussite Wagon ×14 · Monk ×8 · Bombard Cannon ×6 · Petard ×2
Mapa de la partida
Recursos iniciales + cada clic de construcción. Líneas = muros · curvas = relieve. ◆ oro · ⬟ piedra · ● bayas · ✦ reliquia · ◌ hueco del cierre
Tu base· ✓ Cerrada en 15:46 · 0t muro · 2 puerta(s)
Base de ChalupaConLimon· ✓ Cerrada en 15:16 · 0t muro · 3 puerta(s)
Base de silversurfernl· ✓ Cerrada en 18:51 · 0t muro · 3 puerta(s)
Base de Errorzxy· ✓ Cerrada en 21:27 · 0t muro · 3 puerta(s)
Base de nisiopi13· ✓ Cerrada en 15:32 · 0t muro · 2 puerta(s)
Base de popkovandrey2007· ✓ Cerrada en 15:56 · 0t muro · 2 puerta(s)
Base de stelios19857· ✓ Cerrada en 15:17 · 0t muro · 3 puerta(s)
Base de danila90r· ✓ Cerrada en 15:37 · 0t muro · 2 puerta(s)
Terreno inicial suavizado · ◌ = hueco del cierre detectado · pasá el cursor para detalles
Inputs por minuto
— AmbassadorKaifa - - ChalupaConLimon
Build order — AmbassadorKaifa
Primeras 150 de 454 acciones detectadas
| 0:01 | Crear | Villager (Male) |
| 0:01 | Crear | Villager (Male) |
| 0:01 | Crear | Villager (Male) |
| 0:02 | Crear | Villager (Male) |
| 0:02 | Crear | Villager (Male) |
| 0:02 | Crear | Villager (Male) |
| 0:04 | Construir | House |
| 0:05 | Construir | House |
| 0:06 | Construir | House |
| 1:27 | Crear | Villager (Male) |
| 1:28 | Crear | Villager (Male) |
| 2:06 | Construir | Settlement |
| 2:08 | Crear | Villager (Male) |
| 2:09 | Crear | Villager (Male) |
| 2:09 | Crear | Villager (Male) |
| 2:36 | Crear | Villager (Male) |
| 2:38 | Crear | Villager (Male) |
| 2:38 | Crear | Villager (Male) |
| 2:58 | Crear | Villager (Male) |
| 2:58 | Crear | Villager (Male) |
| 4:04 | Crear | Villager (Male) |
| 4:05 | Crear | Villager (Male) |
| 4:05 | Crear | Villager (Male) |
| 4:48 | Crear | Villager (Male) |
| 4:48 | Crear | Villager (Male) |
| 4:49 | Crear | Villager (Male) |
| 4:49 | Crear | Villager (Male) |
| 5:59 | Crear | Villager (Male) |
| 6:00 | Crear | Villager (Male) |
| 6:14 | Crear | Villager (Male) |
| 6:14 | Crear | Villager (Male) |
| 6:14 | Crear | Villager (Male) |
| 6:14 | Crear | Villager (Male) |
| 6:37 | Crear | Villager (Male) |
| 6:38 | Crear | Villager (Male) |
| 6:38 | Crear | Villager (Male) |
| 6:38 | Crear | Villager (Male) |
| 6:38 | Crear | Villager (Male) |
| 6:39 | Crear | Villager (Male) |
| 7:12 | Construir | Settlement |
| 7:36 | Construir | House |
| 7:37 | Construir | House |
| 8:33 | Crear | Villager (Male) |
| 8:33 | Crear | Villager (Male) |
| 8:44 | Construir | Settlement |
| 9:02 | Investigar | Feudal Age |
| 9:29 | Construir | Barracks |
| 10:41 | Construir | Farm |
| 10:42 | Construir | Farm |
| 10:44 | Construir | Farm |
| 10:45 | Construir | Farm |
| 10:50 | Construir | Farm |
| 11:11 | Construir | Farm |
| 12:05 | Edad | Edad Feudal |
| 12:13 | Construir | Archery Range |
| 12:16 | Crear | Villager (Male) |
| 12:16 | Crear | Villager (Male) |
| 12:38 | Construir | Blacksmith |
| 12:59 | Investigar | Castle Age |
| 14:17 | Investigar | Fletching |
| 14:25 | Investigar | Double-Bit Axe |
| 14:27 | Investigar | Horse Collar |
| 14:59 | Investigar | Padded Archer Armor |
| 15:01 | Investigar | Loom |
| 15:46 | Edad | Edad de los Castillos |
| 15:47 | Crear | Bolas Rider |
| 15:48 | Crear | Bolas Rider |
| 15:53 | Construir | Archery Range |
| 16:04 | Investigar | Bodkin Arrow |
| 16:04 | Investigar | Bodkin Arrow |
| 16:20 | Construir | Town Center |
| 16:37 | Crear | Bolas Rider |
| 16:37 | Crear | Bolas Rider |
| 16:39 | Crear | Villager (Male) |
| 16:39 | Crear | Villager (Male) |
| 16:57 | Crear | Villager (Male) |
| 16:57 | Crear | Villager (Male) |
| 17:13 | Crear | Villager (Male) |
| 17:13 | Crear | Villager (Male) |
| 17:15 | Construir | Farm |
| 17:47 | Crear | Bolas Rider |
| 17:47 | Crear | Bolas Rider |
| 17:48 | Crear | Villager (Male) |
| 17:48 | Crear | Villager (Male) |
| 17:48 | Crear | Villager (Male) |
| 18:12 | Crear | Villager (Male) |
| 18:12 | Crear | Villager (Male) |
| 18:12 | Crear | Villager (Male) |
| 18:16 | Construir | Town Center |
| 18:31 | Crear | Bolas Rider |
| 18:31 | Crear | Bolas Rider |
| 18:53 | Crear | Villager (Male) |
| 18:53 | Crear | Villager (Male) |
| 18:54 | Crear | Villager (Male) |
| 18:58 | Crear | Bolas Rider |
| 18:58 | Crear | Bolas Rider |
| 19:04 | Construir | Farm |
| 19:06 | Construir | Farm |
| 19:07 | Construir | Farm |
| 19:15 | Crear | Villager (Male) |
| 19:16 | Crear | Villager (Male) |
| 19:37 | Crear | Villager (Male) |
| 19:38 | Crear | Villager (Male) |
| 19:38 | Crear | Villager (Male) |
| 19:43 | Crear | Bolas Rider |
| 19:44 | Crear | Bolas Rider |
| 19:54 | Crear | Villager (Male) |
| 19:55 | Crear | Villager (Male) |
| 20:02 | Construir | Farm |
| 20:05 | Construir | Farm |
| 20:07 | Construir | Farm |
| 20:13 | Crear | Villager (Male) |
| 20:13 | Crear | Villager (Male) |
| 20:13 | Crear | Villager (Male) |
| 20:18 | Construir | Farm |
| 20:20 | Construir | Farm |
| 20:21 | Construir | Farm |
| 20:26 | Construir | House |
| 20:27 | Construir | House |
| 20:27 | Construir | House |
| 20:27 | Construir | House |
| 20:27 | Construir | House |
| 20:28 | Construir | House |
| 20:28 | Construir | House |
| 20:28 | Construir | House |
| 20:28 | Construir | House |
| 20:31 | Crear | Villager (Male) |
| 20:31 | Crear | Villager (Male) |
| 20:42 | Crear | Bolas Rider |
| 20:43 | Crear | Bolas Rider |
| 20:57 | Crear | Villager (Male) ×5 |
| 20:57 | Crear | Villager (Male) ×5 |
| 20:59 | Construir | Farm |
| 21:17 | Crear | Villager (Male) |
| 21:17 | Crear | Villager (Male) |
| 21:32 | Crear | Villager (Male) |
| 21:32 | Crear | Villager (Male) |
| 21:54 | Crear | Villager (Male) |
| 21:55 | Crear | Villager (Male) |
| 21:55 | Crear | Villager (Male) |
| 22:02 | Construir | Settlement |
| 22:05 | Crear | Villager (Male) |
| 22:05 | Crear | Villager (Male) |
| 22:16 | Crear | Bolas Rider |
| 22:17 | Crear | Bolas Rider |
| 22:21 | Crear | Villager (Male) |
| 22:21 | Crear | Villager (Male) |
| 22:25 | Crear | Villager (Male) |
| 22:25 | Crear | Villager (Male) |
| 22:39 | Crear | Bolas Rider |
Build order — ChalupaConLimon
Primeras 150 de 781 acciones detectadas
| 0:03 | Crear | Villager (Male) |
| 0:03 | Crear | Villager (Male) |
| 0:04 | Crear | Villager (Male) |
| 0:06 | Construir | House |
| 0:07 | Construir | House |
| 0:15 | Crear | Villager (Male) |
| 0:23 | Construir | House |
| 1:36 | Crear | Villager (Male) |
| 1:36 | Crear | Villager (Male) |
| 2:05 | Crear | Villager (Male) |
| 2:34 | Crear | Villager (Male) |
| 2:35 | Crear | Villager (Male) |
| 3:00 | Construir | Lumber Camp |
| 3:07 | Crear | Villager (Male) |
| 3:34 | Crear | Villager (Male) |
| 4:17 | Crear | Villager (Male) |
| 4:36 | Crear | Villager (Male) |
| 5:13 | Crear | Villager (Male) |
| 5:14 | Crear | Villager (Male) |
| 5:22 | Crear | Villager (Male) |
| 5:53 | Construir | House |
| 6:30 | Crear | Villager (Male) |
| 6:58 | Crear | Villager (Male) |
| 7:10 | Construir | Mill |
| 7:32 | Investigar | Feudal Age |
| 9:42 | Edad | Edad Feudal |
| 9:50 | Crear | Villager (Male) |
| 9:53 | Investigar | Double-Bit Axe |
| 9:55 | Crear | Villager (Male) |
| 10:25 | Construir | Market |
| 10:27 | Construir | Blacksmith |
| 10:37 | Crear | Villager (Male) |
| 10:44 | Construir | House |
| 10:46 | Construir | House |
| 11:08 | Crear | Villager (Male) |
| 11:26 | Crear | Villager (Male) |
| 12:03 | Crear | Villager (Male) |
| 12:11 | Construir | Farm |
| 12:13 | Construir | Farm |
| 12:36 | Investigar | Castle Age |
| 14:01 | Construir | Farm |
| 14:05 | Construir | Farm |
| 15:16 | Edad | Edad de los Castillos |
| 15:20 | Crear | Villager (Male) |
| 15:21 | Crear | Villager (Male) |
| 15:39 | Crear | Villager (Male) |
| 15:47 | Construir | Town Center |
| 15:58 | Investigar | Bow Saw |
| 16:18 | Crear | Villager (Male) |
| 16:36 | Construir | Barracks |
| 16:39 | Construir | Monastery |
| 17:06 | Crear | Villager (Male) |
| 17:06 | Crear | Villager (Male) |
| 17:10 | Crear | Villager (Male) |
| 17:11 | Crear | Villager (Male) |
| 17:39 | Crear | Villager (Male) |
| 18:10 | Crear | Spearman |
| 18:28 | Construir | Town Center |
| 18:32 | Crear | Villager (Male) |
| 18:32 | Crear | Villager (Male) |
| 18:37 | Construir | Farm |
| 18:38 | Construir | Farm |
| 18:38 | Construir | Farm |
| 18:38 | Construir | Farm |
| 18:38 | Construir | Farm |
| 18:39 | Construir | Farm |
| 18:39 | Construir | Farm |
| 18:39 | Construir | Farm |
| 18:39 | Construir | Farm |
| 19:01 | Crear | Villager (Male) |
| 19:40 | Construir | Town Center |
| 19:46 | Crear | Monk |
| 20:03 | Crear | Spearman |
| 20:08 | Crear | Villager (Male) |
| 20:08 | Crear | Villager (Male) |
| 20:16 | Construir | Farm |
| 20:16 | Construir | Farm |
| 20:17 | Construir | Farm |
| 20:18 | Construir | Farm |
| 20:19 | Construir | Farm |
| 20:21 | Construir | Farm |
| 20:26 | Crear | Villager (Male) |
| 20:47 | Construir | House |
| 20:51 | Investigar | Loom |
| 20:52 | Crear | Villager (Male) |
| 20:52 | Crear | Villager (Male) |
| 20:52 | Crear | Villager (Male) |
| 20:55 | Crear | Monk |
| 21:40 | Investigar | Wheelbarrow |
| 21:42 | Crear | Villager (Male) |
| 21:42 | Crear | Villager (Male) |
| 21:43 | Crear | Villager (Male) |
| 21:52 | Crear | Villager (Male) |
| 21:55 | Construir | House |
| 21:56 | Construir | House |
| 21:57 | Construir | House |
| 21:59 | Construir | House |
| 22:02 | Crear | Villager (Male) |
| 22:02 | Crear | Villager (Male) |
| 22:12 | Crear | Villager (Male) |
| 22:16 | Crear | Villager (Male) |
| 22:59 | Crear | Villager (Male) |
| 22:59 | Crear | Villager (Male) |
| 22:59 | Crear | Villager (Male) |
| 23:04 | Construir | Stable |
| 23:15 | Crear | Villager (Male) |
| 23:15 | Crear | Villager (Male) |
| 23:15 | Crear | Villager (Male) |
| 23:15 | Crear | Villager (Male) |
| 23:17 | Crear | Villager (Male) |
| 23:20 | Construir | Farm |
| 23:20 | Construir | Farm |
| 23:20 | Construir | Farm |
| 23:21 | Construir | Farm |
| 23:24 | Construir | Farm |
| 23:26 | Construir | Farm |
| 23:31 | Construir | Farm |
| 23:33 | Construir | Farm |
| 24:03 | Crear | Villager (Male) |
| 24:03 | Crear | Villager (Male) |
| 24:04 | Crear | Villager (Male) |
| 24:18 | Investigar | Hand Cart |
| 24:23 | Crear | Villager (Male) |
| 24:36 | Construir | Farm |
| 24:38 | Crear | Villager (Male) |
| 24:39 | Crear | Villager (Male) |
| 24:40 | Crear | Villager (Male) |
| 24:40 | Crear | Villager (Male) |
| 24:44 | Construir | Farm |
| 24:50 | Crear | Villager (Male) |
| 25:11 | Construir | Castle |
| 25:16 | Investigar | Town Watch |
| 25:17 | Crear | Villager (Male) |
| 25:17 | Crear | Villager (Male) |
| 25:17 | Crear | Villager (Male) |
| 25:17 | Crear | Villager (Male) |
| 25:26 | Construir | House |
| 25:27 | Construir | House |
| 25:28 | Construir | House |
| 25:28 | Construir | House |
| 25:29 | Construir | House |
| 25:31 | Construir | House |
| 25:50 | Crear | Villager (Male) |
| 26:08 | Crear | Villager (Male) |
| 26:08 | Crear | Villager (Male) |
| 26:08 | Crear | Villager (Male) |
| 26:08 | Crear | Villager (Male) |
| 26:11 | Construir | Farm |
| 26:12 | Construir | Farm |
| 26:12 | Construir | Farm |
Build order — silversurfernl
Primeras 150 de 619 acciones detectadas
| 0:02 | Crear | Villager (Male) |
| 0:02 | Crear | Villager (Male) |
| 0:03 | Crear | Villager (Male) |
| 0:04 | Construir | House |
| 0:05 | Construir | House |
| 0:19 | Crear | Villager (Male) |
| 0:19 | Crear | Villager (Male) |
| 0:19 | Crear | Villager (Male) |
| 1:27 | Crear | Villager (Male) |
| 2:02 | Crear | Villager (Male) |
| 2:28 | Crear | Villager (Male) |
| 2:49 | Construir | House |
| 2:58 | Construir | Lumber Camp |
| 3:01 | Crear | Villager (Male) |
| 3:04 | Crear | Villager (Male) |
| 3:30 | Construir | House |
| 3:45 | Crear | Villager (Male) |
| 4:14 | Crear | Villager (Male) |
| 4:35 | Crear | Villager (Male) |
| 5:15 | Crear | Villager (Male) |
| 5:15 | Crear | Villager (Male) |
| 5:48 | Construir | Mill |
| 5:49 | Crear | Villager (Male) |
| 6:06 | Crear | Villager (Male) |
| 6:23 | Crear | Villager (Male) |
| 6:52 | Crear | Villager (Male) |
| 6:52 | Crear | Villager (Male) |
| 7:43 | Construir | House |
| 7:45 | Construir | House |
| 8:11 | Construir | Lumber Camp |
| 8:13 | Investigar | Feudal Age |
| 8:59 | Construir | Barracks |
| 9:26 | Construir | Mining Camp |
| 10:08 | Construir | House |
| 10:12 | Construir | House |
| 10:21 | Crear | Villager (Male) |
| 10:21 | Crear | Villager (Male) |
| 10:23 | Edad | Edad Feudal |
| 10:28 | Investigar | Double-Bit Axe |
| 10:33 | Construir | Farm |
| 11:10 | Construir | Stable |
| 11:13 | Crear | Villager (Male) |
| 11:14 | Crear | Villager (Male) |
| 11:22 | Construir | Lumber Camp |
| 11:32 | Construir | Farm |
| 11:40 | Construir | Farm |
| 12:04 | Crear | Villager (Male) |
| 12:04 | Crear | Villager (Male) |
| 12:04 | Crear | Villager (Male) |
| 12:12 | Construir | Farm |
| 12:15 | Construir | Farm |
| 12:29 | Construir | Blacksmith |
| 12:37 | Construir | Farm |
| 12:42 | Construir | Farm |
| 12:46 | Construir | Farm |
| 12:59 | Construir | Farm |
| 13:06 | Construir | Farm |
| 13:11 | Construir | Farm |
| 13:17 | Construir | Farm |
| 13:28 | Crear | Villager (Male) |
| 13:28 | Crear | Villager (Male) |
| 13:34 | Construir | Farm |
| 13:41 | Construir | Farm |
| 14:07 | Construir | Farm |
| 14:38 | Crear | Villager (Male) |
| 14:39 | Crear | Villager (Male) |
| 14:57 | Construir | Mining Camp |
| 15:59 | Construir | Farm |
| 16:03 | Construir | Farm |
| 16:11 | Investigar | Castle Age |
| 16:11 | Investigar | Castle Age |
| 16:19 | Crear | Spearman |
| 16:24 | Crear | Spearman |
| 17:17 | Investigar | Stone Mining |
| 17:20 | Investigar | Gold Mining |
| 17:23 | Investigar | Horse Collar |
| 17:30 | Crear | Spearman |
| 18:28 | Crear | Villager (Male) |
| 18:28 | Crear | Villager (Male) |
| 18:29 | Crear | Villager (Male) |
| 18:29 | Crear | Villager (Male) |
| 18:51 | Edad | Edad de los Castillos |
| 19:04 | Construir | Town Center |
| 19:21 | Crear | Villager (Male) |
| 19:26 | Investigar | Bow Saw |
| 19:31 | Crear | Knight |
| 19:32 | Crear | Knight |
| 19:33 | Crear | Knight |
| 19:38 | Investigar | Bloodlines |
| 19:59 | Construir | Town Center |
| 20:06 | Crear | Villager (Male) |
| 20:19 | Crear | Knight |
| 20:30 | Construir | House |
| 20:31 | Construir | House |
| 20:32 | Construir | House |
| 20:34 | Construir | House |
| 20:36 | Construir | House |
| 20:42 | Crear | Villager (Male) |
| 20:42 | Crear | Villager (Male) |
| 20:42 | Crear | Villager (Male) |
| 20:44 | Crear | Villager (Male) |
| 21:15 | Construir | Farm |
| 21:16 | Crear | Villager (Male) |
| 21:17 | Crear | Villager (Male) |
| 21:57 | Construir | House |
| 22:08 | Crear | Knight |
| 22:09 | Crear | Villager (Male) |
| 22:10 | Crear | Villager (Male) |
| 22:14 | Crear | Villager (Male) |
| 22:14 | Crear | Villager (Male) |
| 22:15 | Crear | Villager (Male) |
| 22:16 | Crear | Villager (Male) |
| 22:23 | Construir | Farm |
| 22:24 | Construir | Farm |
| 22:25 | Construir | Farm |
| 22:27 | Construir | Farm |
| 22:29 | Construir | Farm |
| 22:30 | Construir | Farm |
| 22:32 | Construir | Farm |
| 22:33 | Construir | Farm |
| 22:36 | Crear | Villager (Male) |
| 22:37 | Crear | Villager (Male) |
| 22:45 | Crear | Villager (Male) |
| 22:49 | Construir | Farm |
| 23:30 | Crear | Villager (Male) |
| 23:31 | Crear | Villager (Male) |
| 23:32 | Crear | Villager (Male) |
| 23:33 | Crear | Villager (Male) |
| 23:33 | Crear | Villager (Male) |
| 23:45 | Construir | Barracks |
| 24:23 | Construir | Castle |
| 24:35 | Crear | Villager (Male) |
| 24:36 | Crear | Villager (Male) |
| 24:37 | Crear | Villager (Male) |
| 24:38 | Crear | Villager (Male) |
| 24:38 | Crear | Villager (Male) |
| 24:39 | Crear | Villager (Male) |
| 24:48 | Construir | Farm |
| 24:49 | Construir | Farm |
| 24:50 | Construir | Farm |
| 24:52 | Construir | Farm |
| 24:54 | Construir | Farm |
| 24:56 | Construir | Farm |
| 24:59 | Construir | Farm |
| 25:08 | Construir | Mill |
| 25:11 | Crear | Villager (Male) |
| 25:11 | Crear | Villager (Male) |
| 25:12 | Crear | Villager (Male) |
| 25:13 | Crear | Villager (Male) |
| 25:14 | Crear | Villager (Male) |
Build order — Errorzxy
Primeras 150 de 563 acciones detectadas
| 0:01 | Crear | Villager (Male) |
| 0:01 | Crear | Villager (Male) |
| 0:01 | Crear | Villager (Male) |
| 0:02 | Crear | Villager (Male) |
| 0:02 | Crear | Villager (Male) |
| 0:03 | Construir | House |
| 0:04 | Construir | House |
| 1:35 | Crear | Villager (Male) |
| 2:33 | Crear | Villager (Male) |
| 2:33 | Crear | Villager (Male) |
| 2:33 | Crear | Villager (Male) |
| 2:39 | Construir | Lumber Camp |
| 2:48 | Construir | House |
| 3:33 | Crear | Villager (Male) |
| 3:33 | Crear | Villager (Male) |
| 4:06 | Crear | Villager (Male) |
| 4:06 | Crear | Villager (Male) |
| 4:06 | Crear | Villager (Male) |
| 4:07 | Crear | Villager (Male) |
| 4:20 | Crear | Villager (Male) |
| 4:21 | Crear | Villager (Male) |
| 5:30 | Crear | Villager (Male) |
| 5:30 | Crear | Villager (Male) |
| 5:40 | Construir | House |
| 5:57 | Construir | Lumber Camp |
| 6:26 | Crear | Villager (Male) |
| 6:26 | Crear | Villager (Male) |
| 6:27 | Crear | Villager (Male) |
| 6:49 | Crear | Villager (Male) |
| 7:44 | Crear | Villager (Male) |
| 8:14 | Construir | Mining Camp |
| 8:29 | Crear | Villager (Male) |
| 8:52 | Investigar | Loom |
| 9:24 | Investigar | Feudal Age |
| 9:43 | Construir | Mining Camp |
| 9:47 | Crear | Villager (Male) |
| 10:05 | Construir | Mill |
| 11:48 | Edad | Edad Feudal |
| 11:51 | Crear | Villager (Male) |
| 11:51 | Crear | Villager (Male) |
| 11:56 | Construir | House |
| 12:04 | Construir | Town Center |
| 12:11 | Investigar | Horse Collar |
| 12:17 | Investigar | Wheelbarrow |
| 12:17 | Crear | Villager (Male) |
| 12:18 | Crear | Villager (Male) |
| 12:22 | Construir | House |
| 12:33 | Construir | Blacksmith |
| 12:54 | Construir | Market |
| 12:58 | Crear | Villager (Male) |
| 12:58 | Crear | Villager (Male) |
| 13:24 | Construir | Farm |
| 14:01 | Crear | Villager (Male) |
| 14:16 | Crear | Villager (Male) |
| 14:16 | Crear | Villager (Male) |
| 14:17 | Crear | Villager (Male) |
| 14:38 | Construir | Farm |
| 14:43 | Construir | Farm |
| 14:46 | Crear | Villager (Male) |
| 14:55 | Construir | Farm |
| 14:59 | Construir | Farm |
| 15:16 | Construir | Farm |
| 15:17 | Crear | Villager (Male) |
| 15:17 | Crear | Villager (Male) |
| 15:29 | Construir | Farm |
| 15:41 | Crear | Villager (Male) |
| 15:42 | Crear | Villager (Male) |
| 15:51 | Construir | Farm |
| 15:53 | Construir | Farm |
| 16:10 | Construir | Farm |
| 16:16 | Construir | Farm |
| 16:22 | Crear | Villager (Male) |
| 16:32 | Construir | Farm |
| 16:37 | Crear | Villager (Male) |
| 16:38 | Crear | Villager (Male) |
| 16:45 | Construir | House |
| 16:47 | Construir | House |
| 17:11 | Construir | Farm |
| 17:13 | Construir | Farm |
| 17:19 | Crear | Villager (Male) |
| 17:21 | Crear | Villager (Male) |
| 17:23 | Construir | Farm |
| 17:26 | Construir | Farm |
| 17:28 | Construir | Farm |
| 17:32 | Construir | Farm |
| 17:33 | Crear | Villager (Male) |
| 17:38 | Construir | Farm |
| 17:39 | Crear | Villager (Male) |
| 17:43 | Crear | Villager (Male) |
| 17:53 | Crear | Villager (Male) |
| 17:54 | Crear | Villager (Male) |
| 18:47 | Investigar | Castle Age |
| 18:56 | Construir | Farm |
| 19:03 | Construir | Farm |
| 19:10 | Crear | Villager (Male) |
| 19:10 | Crear | Villager (Male) |
| 19:10 | Crear | Villager (Male) |
| 19:11 | Crear | Villager (Male) |
| 19:15 | Construir | House |
| 19:18 | Construir | House |
| 19:28 | Construir | Barracks |
| 20:14 | Construir | Archery Range |
| 20:21 | Crear | Villager (Male) |
| 20:24 | Construir | Farm |
| 20:36 | Construir | Farm |
| 20:41 | Construir | Farm |
| 20:57 | Crear | Villager (Male) |
| 20:58 | Crear | Villager (Male) |
| 21:12 | Investigar | Double-Bit Axe |
| 21:15 | Investigar | Fletching |
| 21:23 | Crear | Archer ×5 |
| 21:27 | Edad | Edad de los Castillos |
| 21:33 | Construir | House |
| 21:35 | Construir | House |
| 21:55 | Crear | Villager (Male) |
| 21:55 | Crear | Villager (Male) |
| 21:56 | Crear | Villager (Male) |
| 21:57 | Crear | Villager (Male) |
| 22:13 | Construir | Mining Camp |
| 22:14 | Crear | Villager (Male) |
| 22:15 | Crear | Villager (Male) |
| 22:18 | Crear | Villager (Male) |
| 22:18 | Crear | Villager (Male) |
| 22:19 | Crear | Villager (Male) |
| 22:30 | Crear | Archer |
| 22:39 | Construir | Monastery |
| 22:48 | Construir | Town Center |
| 23:06 | Crear | Villager (Male) |
| 23:06 | Crear | Villager (Male) |
| 23:21 | Investigar | Bow Saw |
| 23:27 | Construir | Town Center |
| 23:52 | Construir | House |
| 23:53 | Construir | House |
| 23:55 | Construir | House |
| 24:05 | Investigar | Thumb Ring |
| 24:07 | Crear | Villager (Male) |
| 24:07 | Crear | Villager (Male) |
| 24:10 | Crear | Villager (Male) |
| 24:10 | Crear | Villager (Male) |
| 24:17 | Construir | Farm |
| 24:20 | Construir | Farm |
| 24:26 | Crear | Villager (Male) ×5 |
| 24:32 | Construir | Mining Camp |
| 24:33 | Crear | Villager (Male) |
| 24:41 | Crear | Villager (Male) |
| 24:41 | Crear | Villager (Male) |
| 24:55 | Crear | Monk |
| 24:56 | Crear | Monk |
| 24:59 | Crear | Monk |
| 25:05 | Crear | Villager (Male) |
Build order — nisiopi13
Primeras 150 de 1422 acciones detectadas
| 0:02 | Crear | Villager (Male) |
| 0:02 | Crear | Villager (Male) |
| 0:02 | Crear | Villager (Male) |
| 0:03 | Crear | Villager (Male) |
| 0:03 | Crear | Villager (Male) |
| 0:04 | Construir | House |
| 0:05 | Construir | House |
| 1:35 | Crear | Villager (Male) |
| 1:35 | Crear | Villager (Male) |
| 2:09 | Crear | Villager (Male) |
| 2:09 | Crear | Villager (Male) |
| 2:09 | Crear | Villager (Male) |
| 2:09 | Crear | Villager (Male) |
| 2:19 | Construir | Lumber Camp |
| 2:29 | Crear | Villager (Male) |
| 2:30 | Crear | Villager (Male) |
| 2:49 | Crear | Villager (Male) |
| 2:49 | Crear | Villager (Male) |
| 3:29 | Crear | Villager (Male) |
| 3:29 | Crear | Villager (Male) |
| 3:33 | Investigar | Loom |
| 4:14 | Crear | Villager (Male) |
| 4:14 | Crear | Villager (Male) |
| 4:14 | Crear | Villager (Male) |
| 4:14 | Crear | Villager (Male) |
| 4:29 | Construir | House |
| 4:30 | Construir | House |
| 5:17 | Construir | Mill |
| 5:39 | Crear | Villager (Male) |
| 5:39 | Crear | Villager (Male) |
| 5:48 | Construir | House |
| 5:50 | Crear | Villager (Male) |
| 5:51 | Crear | Villager (Male) |
| 6:06 | Crear | Villager (Male) |
| 6:07 | Crear | Villager (Male) |
| 6:07 | Crear | Villager (Male) |
| 6:07 | Crear | Villager (Male) |
| 6:19 | Crear | Villager (Male) |
| 6:19 | Crear | Villager (Male) |
| 6:58 | Crear | Villager (Male) |
| 6:58 | Crear | Villager (Male) |
| 6:59 | Crear | Villager (Male) |
| 6:59 | Crear | Villager (Male) |
| 8:27 | Construir | Mining Camp |
| 9:29 | Investigar | Feudal Age |
| 9:55 | Construir | House |
| 10:11 | Construir | Farm |
| 10:13 | Construir | Farm |
| 10:18 | Construir | Farm |
| 11:27 | Construir | Farm |
| 11:34 | Crear | Villager (Male) |
| 11:35 | Crear | Villager (Male) |
| 11:49 | Edad | Edad Feudal |
| 11:54 | Construir | Market |
| 11:56 | Construir | Blacksmith |
| 12:52 | Investigar | Castle Age |
| 13:27 | Investigar | Double-Bit Axe |
| 13:30 | Investigar | Horse Collar |
| 13:35 | Crear | Villager (Male) |
| 13:35 | Crear | Villager (Male) |
| 13:35 | Crear | Villager (Male) |
| 13:36 | Crear | Villager (Male) |
| 13:36 | Crear | Villager (Male) |
| 13:36 | Crear | Villager (Male) |
| 14:24 | Investigar | Wheelbarrow |
| 15:25 | Construir | Farm |
| 15:28 | Construir | Farm |
| 15:32 | Edad | Edad de los Castillos |
| 15:32 | Crear | Villager (Male) |
| 15:36 | Construir | Town Center |
| 16:01 | Construir | Farm |
| 16:08 | Construir | Farm |
| 16:30 | Investigar | Heavy Plow |
| 16:32 | Crear | Villager (Male) |
| 16:32 | Crear | Villager (Male) |
| 16:33 | Crear | Villager (Male) |
| 16:33 | Crear | Villager (Male) |
| 16:33 | Crear | Villager (Male) |
| 16:55 | Crear | Villager (Male) |
| 16:56 | Crear | Villager (Male) |
| 17:22 | Construir | House |
| 17:24 | Construir | House |
| 17:30 | Crear | Villager (Male) |
| 17:30 | Crear | Villager (Male) |
| 17:30 | Crear | Villager (Male) |
| 18:00 | Construir | Town Center |
| 18:05 | Construir | Farm |
| 18:07 | Crear | Villager (Male) |
| 18:08 | Crear | Villager (Male) |
| 18:08 | Crear | Villager (Male) |
| 18:30 | Construir | Farm |
| 18:47 | Crear | Villager (Male) |
| 18:47 | Crear | Villager (Male) |
| 18:47 | Crear | Villager (Male) |
| 18:47 | Crear | Villager (Male) |
| 18:47 | Crear | Villager (Male) |
| 18:47 | Crear | Villager (Male) |
| 18:47 | Crear | Villager (Male) |
| 18:47 | Crear | Villager (Male) |
| 18:47 | Crear | Villager (Male) |
| 18:47 | Crear | Villager (Male) |
| 18:47 | Crear | Villager (Male) |
| 18:47 | Crear | Villager (Male) |
| 18:47 | Crear | Villager (Male) |
| 18:47 | Crear | Villager (Male) |
| 18:47 | Crear | Villager (Male) |
| 18:47 | Crear | Villager (Male) |
| 18:47 | Crear | Villager (Male) |
| 18:47 | Crear | Villager (Male) |
| 18:47 | Crear | Villager (Male) |
| 18:47 | Crear | Villager (Male) |
| 18:47 | Crear | Villager (Male) |
| 18:47 | Crear | Villager (Male) |
| 18:47 | Crear | Villager (Male) |
| 18:47 | Crear | Villager (Male) |
| 18:47 | Crear | Villager (Male) |
| 18:47 | Crear | Villager (Male) |
| 18:47 | Crear | Villager (Male) |
| 18:47 | Crear | Villager (Male) |
| 18:49 | Crear | Villager (Male) |
| 19:11 | Construir | Farm |
| 19:13 | Crear | Villager (Male) |
| 19:13 | Crear | Villager (Male) |
| 19:13 | Crear | Villager (Male) |
| 19:21 | Construir | Barracks |
| 19:31 | Construir | Farm |
| 19:46 | Crear | Villager (Male) |
| 19:47 | Crear | Villager (Male) |
| 19:47 | Crear | Villager (Male) |
| 19:57 | Construir | Farm |
| 20:01 | Construir | House |
| 20:02 | Construir | House |
| 20:04 | Construir | House |
| 20:05 | Crear | Villager (Male) |
| 20:05 | Crear | Villager (Male) |
| 20:07 | Construir | Farm |
| 20:08 | Crear | Villager (Male) |
| 20:08 | Crear | Villager (Male) |
| 20:18 | Construir | Farm |
| 20:30 | Construir | Farm |
| 20:31 | Crear | Villager (Male) |
| 20:32 | Crear | Villager (Male) |
| 20:39 | Crear | Villager (Male) |
| 20:39 | Crear | Villager (Male) |
| 20:39 | Crear | Villager (Male) |
| 20:42 | Construir | Farm |
| 20:53 | Crear | Villager (Male) |
| 20:53 | Crear | Villager (Male) |
| 21:09 | Crear | Villager (Male) |
| 21:10 | Crear | Villager (Male) |
Build order — popkovandrey2007
Primeras 150 de 528 acciones detectadas
| 0:01 | Crear | Villager (Male) |
| 0:01 | Crear | Villager (Male) |
| 0:02 | Construir | House |
| 0:04 | Construir | House |
| 0:23 | Crear | Villager (Male) |
| 0:23 | Crear | Villager (Male) |
| 0:23 | Crear | Villager (Male) |
| 1:35 | Crear | Villager (Male) |
| 1:35 | Crear | Villager (Male) |
| 1:46 | Construir | Lumber Camp |
| 1:59 | Crear | Villager (Male) |
| 2:00 | Crear | Villager (Male) |
| 2:27 | Crear | Villager (Male) |
| 2:27 | Crear | Villager (Male) |
| 2:54 | Crear | Villager (Male) |
| 2:55 | Crear | Villager (Male) |
| 3:51 | Construir | House |
| 3:51 | Construir | House |
| 4:17 | Crear | Villager (Male) |
| 4:17 | Crear | Villager (Male) |
| 4:23 | Construir | Mill |
| 4:48 | Crear | Villager (Male) |
| 4:48 | Crear | Villager (Male) |
| 5:21 | Crear | Villager (Male) |
| 5:21 | Crear | Villager (Male) |
| 6:03 | Crear | Villager (Male) |
| 6:03 | Crear | Villager (Male) |
| 6:26 | Construir | Farm |
| 6:26 | Construir | Farm |
| 7:09 | Crear | Villager (Male) |
| 7:09 | Crear | Villager (Male) |
| 7:17 | Construir | Lumber Camp |
| 8:03 | Crear | Villager (Male) |
| 8:04 | Crear | Villager (Male) |
| 8:33 | Crear | Villager (Male) |
| 8:33 | Crear | Villager (Male) |
| 8:38 | Construir | House |
| 9:18 | Crear | Villager (Male) |
| 9:23 | Construir | Mining Camp |
| 9:28 | Investigar | Feudal Age |
| 11:35 | Crear | Villager (Male) |
| 11:35 | Crear | Villager (Male) |
| 12:18 | Edad | Edad Feudal |
| 12:24 | Construir | Market |
| 12:30 | Construir | Blacksmith |
| 12:42 | Investigar | Horse Collar |
| 12:42 | Investigar | Horse Collar |
| 12:46 | Investigar | Double-Bit Axe |
| 12:54 | Construir | Farm |
| 12:54 | Construir | Farm |
| 12:54 | Construir | Farm |
| 12:55 | Construir | Farm |
| 12:55 | Construir | Farm |
| 12:55 | Construir | Farm |
| 12:56 | Construir | Farm |
| 12:56 | Construir | Farm |
| 12:56 | Construir | Farm |
| 12:57 | Construir | Farm |
| 12:57 | Construir | Farm |
| 12:57 | Construir | Farm |
| 12:57 | Construir | Farm |
| 13:16 | Investigar | Castle Age |
| 13:17 | Investigar | Castle Age |
| 15:49 | Investigar | Wheelbarrow |
| 15:56 | Edad | Edad de los Castillos |
| 16:00 | Construir | Town Center |
| 16:08 | Construir | Town Center |
| 16:30 | Investigar | Bow Saw |
| 16:35 | Crear | Villager (Male) |
| 16:35 | Crear | Villager (Male) |
| 16:45 | Construir | House |
| 16:46 | Construir | House |
| 16:47 | Construir | House |
| 17:27 | Crear | Villager (Male) |
| 17:27 | Crear | Villager (Male) |
| 17:41 | Crear | Villager (Male) |
| 17:41 | Crear | Villager (Male) |
| 17:43 | Crear | Villager (Male) |
| 17:43 | Crear | Villager (Male) |
| 17:57 | Construir | Town Center |
| 18:04 | Construir | House |
| 18:05 | Construir | House |
| 18:08 | Crear | Villager (Male) |
| 18:08 | Crear | Villager (Male) |
| 18:08 | Crear | Villager (Male) |
| 18:08 | Crear | Villager (Male) |
| 18:09 | Crear | Villager (Male) |
| 18:14 | Construir | Farm |
| 18:14 | Construir | Farm |
| 18:14 | Construir | Farm |
| 18:31 | Construir | Farm |
| 18:31 | Construir | Farm |
| 18:32 | Construir | Farm |
| 18:32 | Construir | Farm |
| 18:32 | Construir | Farm |
| 18:32 | Construir | Farm |
| 18:32 | Construir | Farm |
| 18:43 | Construir | House |
| 18:44 | Construir | House |
| 18:56 | Construir | Farm |
| 18:56 | Construir | Farm |
| 18:56 | Construir | Farm |
| 18:57 | Construir | Farm |
| 18:57 | Construir | Farm |
| 19:04 | Crear | Villager (Male) |
| 19:04 | Crear | Villager (Male) |
| 19:04 | Crear | Villager (Male) |
| 19:05 | Crear | Villager (Male) |
| 19:05 | Crear | Villager (Male) |
| 19:05 | Crear | Villager (Male) |
| 19:05 | Crear | Villager (Male) |
| 19:06 | Crear | Villager (Male) |
| 19:06 | Crear | Villager (Male) |
| 19:21 | Construir | Farm |
| 19:21 | Construir | Farm |
| 19:21 | Construir | Farm |
| 19:22 | Construir | Farm |
| 19:22 | Construir | Farm |
| 19:22 | Construir | Farm |
| 19:22 | Construir | Farm |
| 19:22 | Construir | Farm |
| 19:52 | Construir | Farm |
| 19:52 | Construir | Farm |
| 19:52 | Construir | Farm |
| 19:52 | Construir | Farm |
| 19:53 | Construir | Farm |
| 19:53 | Construir | Farm |
| 19:53 | Construir | Farm |
| 20:00 | Crear | Villager (Male) |
| 20:00 | Crear | Villager (Male) |
| 20:00 | Crear | Villager (Male) |
| 20:00 | Crear | Villager (Male) |
| 20:03 | Crear | Villager (Male) |
| 20:04 | Crear | Villager (Male) |
| 20:04 | Crear | Villager (Male) |
| 20:12 | Construir | House |
| 20:13 | Construir | House |
| 20:15 | Crear | Villager (Male) |
| 20:32 | Crear | Villager (Male) |
| 20:32 | Crear | Villager (Male) |
| 20:35 | Crear | Villager (Male) |
| 20:49 | Construir | Farm |
| 20:49 | Construir | Farm |
| 20:49 | Construir | Farm |
| 20:50 | Construir | Farm |
| 20:50 | Construir | Farm |
| 20:57 | Crear | Villager (Male) |
| 20:57 | Crear | Villager (Male) |
| 20:57 | Crear | Villager (Male) |
| 20:58 | Crear | Villager (Male) |
Build order — stelios19857
Primeras 150 de 892 acciones detectadas
| 0:02 | Crear | Villager (Male) |
| 0:02 | Crear | Villager (Male) |
| 0:02 | Crear | Villager (Male) |
| 0:04 | Construir | House |
| 0:06 | Construir | House |
| 0:07 | Crear | Villager (Male) |
| 0:07 | Crear | Villager (Male) |
| 0:07 | Crear | Villager (Male) |
| 1:24 | Crear | Villager (Male) |
| 1:24 | Crear | Villager (Male) |
| 1:25 | Crear | Villager (Male) |
| 1:40 | Crear | Villager (Male) |
| 1:41 | Crear | Villager (Male) |
| 1:47 | Construir | Lumber Camp |
| 2:09 | Crear | Villager (Male) |
| 2:09 | Crear | Villager (Male) |
| 2:29 | Crear | Villager (Male) |
| 2:30 | Crear | Villager (Male) |
| 2:32 | Crear | Villager (Male) |
| 2:32 | Crear | Villager (Male) |
| 3:04 | Crear | Villager (Male) |
| 3:04 | Crear | Villager (Male) |
| 3:35 | Crear | Villager (Male) |
| 3:36 | Crear | Villager (Male) |
| 3:36 | Crear | Villager (Male) |
| 3:43 | Construir | Mill |
| 3:51 | Construir | House |
| 4:03 | Crear | Villager (Male) |
| 4:03 | Crear | Villager (Male) |
| 4:41 | Crear | Villager (Male) |
| 4:41 | Crear | Villager (Male) |
| 5:04 | Crear | Villager (Male) |
| 5:04 | Crear | Villager (Male) |
| 5:05 | Crear | Villager (Male) |
| 5:24 | Crear | Villager (Male) |
| 5:33 | Crear | Villager (Male) |
| 5:33 | Crear | Villager (Male) |
| 5:40 | Construir | House |
| 6:00 | Crear | Villager (Male) |
| 6:01 | Crear | Villager (Male) |
| 6:21 | Construir | Mining Camp |
| 7:35 | Crear | Villager (Male) |
| 8:08 | Construir | House |
| 8:13 | Investigar | Feudal Age |
| 9:23 | Crear | Villager (Male) |
| 9:24 | Crear | Villager (Male) |
| 10:32 | Edad | Edad Feudal |
| 11:02 | Construir | Blacksmith |
| 11:06 | Crear | Villager (Male) |
| 11:30 | Crear | Villager (Male) |
| 11:49 | Construir | Market |
| 12:11 | Crear | Villager (Male) |
| 12:31 | Investigar | Castle Age |
| 13:02 | Construir | Mining Camp |
| 13:18 | Construir | Farm |
| 13:20 | Construir | Farm |
| 13:21 | Construir | Farm |
| 13:28 | Investigar | Double-Bit Axe |
| 13:30 | Investigar | Horse Collar |
| 13:50 | Construir | House |
| 14:01 | Construir | Farm |
| 14:23 | Construir | Farm |
| 14:51 | Investigar | Wheelbarrow |
| 15:17 | Edad | Edad de los Castillos |
| 15:32 | Construir | Town Center |
| 15:47 | Construir | Siege Workshop |
| 16:11 | Construir | Farm |
| 16:15 | Investigar | Bow Saw |
| 16:29 | Construir | Farm |
| 16:30 | Construir | Farm |
| 16:36 | Construir | Farm |
| 16:48 | Crear | Mangonel |
| 17:01 | Crear | Villager (Male) |
| 17:15 | Crear | Villager (Male) |
| 17:16 | Crear | Villager (Male) |
| 17:29 | Construir | Castle |
| 17:36 | Crear | Villager (Male) |
| 17:40 | Construir | Farm |
| 17:58 | Construir | University |
| 18:04 | Construir | Farm |
| 18:06 | Crear | Villager (Male) |
| 18:06 | Crear | Villager (Male) |
| 18:08 | Construir | Farm |
| 18:19 | Crear | Villager (Male) |
| 18:39 | Crear | Villager (Male) |
| 18:40 | Crear | Villager (Male) |
| 18:52 | Construir | Farm |
| 19:02 | Crear | Villager (Male) |
| 19:09 | Crear | Villager (Male) |
| 19:09 | Crear | Villager (Male) |
| 19:14 | Construir | Farm |
| 19:24 | Crear | Villager (Male) |
| 19:35 | Construir | Barracks |
| 19:38 | Crear | Villager (Male) |
| 19:42 | Construir | Farm |
| 19:47 | Crear | Villager (Male) |
| 19:47 | Crear | Villager (Male) |
| 19:56 | Crear | Villager (Male) |
| 20:01 | Construir | Farm |
| 20:08 | Crear | Villager (Male) |
| 20:12 | Crear | Mangonel |
| 20:17 | Crear | Villager (Male) |
| 20:18 | Crear | Villager (Male) |
| 20:36 | Crear | Villager (Male) |
| 20:39 | Construir | Farm |
| 20:49 | Crear | Villager (Male) |
| 20:52 | Crear | Villager (Male) |
| 20:56 | Construir | Farm |
| 21:17 | Construir | Archery Range |
| 21:20 | Crear | Villager (Male) |
| 21:22 | Crear | Villager (Male) |
| 21:30 | Investigar | Heavy Plow |
| 21:37 | Crear | Villager (Male) |
| 21:37 | Crear | Villager (Male) |
| 21:43 | Construir | Farm |
| 21:47 | Crear | Villager (Male) |
| 21:51 | Construir | Farm |
| 22:00 | Crear | Villager (Male) |
| 22:11 | Investigar | Gold Mining |
| 22:22 | Crear | Villager (Male) |
| 22:39 | Construir | House |
| 22:44 | Construir | Archery Range |
| 22:50 | Investigar | Fletching |
| 22:55 | Investigar | Ballistics |
| 22:57 | Crear | Villager (Male) |
| 22:58 | Crear | Villager (Male) |
| 22:58 | Crear | Villager (Male) |
| 23:07 | Crear | Villager (Male) |
| 23:15 | Construir | Farm |
| 23:30 | Crear | Villager (Male) |
| 23:34 | Construir | Farm |
| 23:39 | Construir | House |
| 23:45 | Crear | Villager (Male) |
| 23:48 | Construir | Archery Range |
| 23:52 | Investigar | Crossbowman (upgrade) |
| 23:57 | Crear | Villager (Male) |
| 24:01 | Crear | Villager (Male) |
| 24:13 | Construir | House |
| 24:15 | Construir | House |
| 24:16 | Construir | House |
| 24:19 | Construir | House |
| 24:24 | Crear | Villager (Male) |
| 24:36 | Construir | Farm |
| 24:54 | Construir | Archery Range |
| 25:00 | Construir | Farm |
| 25:18 | Construir | House |
| 25:20 | Construir | House |
| 25:30 | Crear | Villager (Male) |
| 25:46 | Construir | Farm |
| 25:50 | Crear | Villager (Male) |
Build order — danila90r
Primeras 150 de 612 acciones detectadas
| 0:02 | Crear | Villager (Male) |
| 0:02 | Crear | Villager (Male) |
| 0:04 | Construir | House |
| 0:07 | Construir | House |
| 0:37 | Crear | Villager (Male) |
| 0:37 | Crear | Villager (Male) |
| 1:24 | Crear | Villager (Male) |
| 1:24 | Crear | Villager (Male) |
| 1:59 | Crear | Villager (Male) |
| 1:59 | Crear | Villager (Male) |
| 2:19 | Construir | Lumber Camp |
| 2:26 | Crear | Villager (Male) |
| 2:26 | Crear | Villager (Male) |
| 2:52 | Crear | Villager (Male) |
| 3:04 | Construir | House |
| 3:05 | Construir | House |
| 3:07 | Construir | House |
| 3:17 | Crear | Villager (Male) |
| 3:17 | Crear | Villager (Male) |
| 3:41 | Crear | Villager (Male) |
| 3:42 | Crear | Villager (Male) |
| 3:48 | Construir | House |
| 4:11 | Crear | Villager (Male) |
| 4:12 | Crear | Villager (Male) |
| 4:30 | Crear | Villager (Male) |
| 4:30 | Crear | Villager (Male) |
| 4:59 | Crear | Villager (Male) |
| 5:00 | Crear | Villager (Male) |
| 5:00 | Crear | Villager (Male) |
| 5:42 | Crear | Villager (Male) |
| 5:43 | Crear | Villager (Male) |
| 5:43 | Crear | Villager (Male) |
| 5:59 | Construir | Mill |
| 6:39 | Crear | Villager (Male) |
| 6:40 | Crear | Villager (Male) |
| 7:11 | Crear | Villager (Male) |
| 7:11 | Crear | Villager (Male) |
| 7:12 | Crear | Villager (Male) |
| 7:29 | Crear | Villager (Male) |
| 7:30 | Crear | Villager (Male) |
| 7:40 | Crear | Villager (Male) |
| 7:40 | Crear | Villager (Male) |
| 7:50 | Crear | Villager (Male) |
| 7:50 | Crear | Villager (Male) |
| 7:50 | Crear | Villager (Male) |
| 7:57 | Crear | Villager (Male) |
| 7:58 | Crear | Villager (Male) |
| 8:30 | Construir | Mining Camp |
| 8:40 | Construir | Farm |
| 8:41 | Construir | Farm |
| 8:42 | Construir | Farm |
| 8:54 | Crear | Villager (Male) |
| 8:54 | Crear | Villager (Male) |
| 9:14 | Investigar | Feudal Age |
| 9:42 | Construir | Lumber Camp |
| 10:27 | Crear | Villager (Male) |
| 10:27 | Crear | Villager (Male) |
| 10:37 | Construir | Farm |
| 10:39 | Construir | Farm |
| 10:42 | Construir | Farm |
| 10:43 | Construir | Farm |
| 10:43 | Construir | Farm |
| 10:43 | Construir | Farm |
| 11:47 | Edad | Edad Feudal |
| 12:00 | Construir | Market |
| 12:08 | Construir | Blacksmith |
| 12:57 | Investigar | Castle Age |
| 13:02 | Construir | Mining Camp |
| 13:08 | Construir | Farm |
| 13:11 | Construir | Farm |
| 13:12 | Construir | Farm |
| 13:13 | Construir | Farm |
| 13:13 | Construir | Farm |
| 13:13 | Construir | Farm |
| 13:14 | Construir | Farm |
| 13:14 | Construir | Farm |
| 13:14 | Construir | Farm |
| 13:14 | Construir | Farm |
| 13:15 | Construir | Farm |
| 13:15 | Construir | Farm |
| 13:15 | Construir | Farm |
| 13:16 | Construir | Farm |
| 13:16 | Construir | Farm |
| 13:16 | Construir | Farm |
| 13:16 | Construir | Farm |
| 13:17 | Construir | Farm |
| 13:17 | Construir | Farm |
| 13:56 | Investigar | Double-Bit Axe |
| 14:21 | Construir | Farm |
| 14:46 | Construir | House |
| 14:57 | Crear | Villager (Male) |
| 14:57 | Crear | Villager (Male) |
| 15:13 | Construir | Farm |
| 15:37 | Edad | Edad de los Castillos |
| 16:03 | Construir | Monastery |
| 16:20 | Construir | Castle |
| 16:24 | Crear | Villager (Male) |
| 16:24 | Crear | Villager (Male) |
| 16:41 | Crear | Villager (Male) |
| 16:41 | Crear | Villager (Male) |
| 17:06 | Construir | House |
| 17:08 | Construir | House |
| 17:10 | Construir | House |
| 17:12 | Construir | House |
| 17:21 | Investigar | Bow Saw |
| 17:22 | Investigar | Horse Collar |
| 17:31 | Crear | Monk |
| 17:31 | Crear | Monk |
| 17:39 | Crear | Hussite Wagon |
| 18:03 | Crear | Villager (Male) |
| 18:04 | Crear | Villager (Male) |
| 18:16 | Investigar | Fervor |
| 18:35 | Crear | Villager (Male) |
| 18:36 | Crear | Villager (Male) |
| 18:58 | Construir | Town Center |
| 19:08 | Construir | Farm |
| 19:18 | Crear | Monk |
| 19:30 | Crear | Villager (Male) |
| 19:30 | Crear | Villager (Male) |
| 19:49 | Crear | Monk |
| 20:11 | Crear | Villager (Male) |
| 20:16 | Crear | Monk |
| 20:22 | Crear | Hussite Wagon |
| 20:22 | Crear | Hussite Wagon |
| 20:24 | Crear | Villager (Male) |
| 20:25 | Crear | Villager (Male) |
| 20:31 | Crear | Villager (Male) |
| 20:31 | Crear | Villager (Male) |
| 20:37 | Crear | Petard |
| 20:38 | Crear | Petard |
| 21:03 | Construir | Town Center |
| 21:11 | Crear | Villager (Male) ×5 |
| 21:57 | Crear | Villager (Male) ×3 |
| 22:13 | Crear | Monk |
| 22:21 | Crear | Villager (Male) |
| 22:38 | Crear | Hussite Wagon |
| 22:38 | Crear | Hussite Wagon |
| 22:42 | Crear | Villager (Male) |
| 22:42 | Crear | Villager (Male) |
| 22:43 | Crear | Villager (Male) |
| 23:00 | Construir | Farm |
| 23:00 | Construir | Farm |
| 23:02 | Construir | Farm |
| 23:03 | Construir | Farm |
| 23:03 | Construir | Farm |
| 23:03 | Construir | Farm |
| 23:04 | Construir | Farm |
| 23:04 | Construir | Farm |
| 23:04 | Construir | Farm |
| 23:08 | Construir | Farm |
Cronología de la partida
| 8:59 | silversurfernl · first_building Barracks |
| 9:29 | AmbassadorKaifa · first_building Barracks |
| 9:42 | ChalupaConLimon · age_up feudal |
| 10:23 | silversurfernl · age_up feudal |
| 10:32 | stelios19857 · age_up feudal |
| 11:10 | silversurfernl · first_building Stable |
| 11:47 | danila90r · age_up feudal |
| 11:48 | Errorzxy · age_up feudal |
| 11:49 | nisiopi13 · age_up feudal |
| 12:05 | AmbassadorKaifa · age_up feudal |
| 12:13 | AmbassadorKaifa · first_building Archery Range |
| 12:18 | popkovandrey2007 · age_up feudal |
| 12:29 | ChalupaConLimon · first_market_sell 100 stone |
| 12:51 | danila90r · first_market_sell 100 stone |
| 15:16 | ChalupaConLimon · age_up castle |
| 15:17 | stelios19857 · age_up castle |
| 15:32 | nisiopi13 · age_up castle |
| 15:37 | danila90r · age_up castle |
| 15:46 | AmbassadorKaifa · age_up castle |
| 15:47 | stelios19857 · first_building Siege Workshop |
| 15:56 | popkovandrey2007 · age_up castle |
| 16:03 | danila90r · first_building Monastery |
| 16:20 | danila90r · first_building Castle |
| 16:36 | ChalupaConLimon · first_building Barracks |
| 16:39 | ChalupaConLimon · first_building Monastery |
| 17:29 | stelios19857 · first_building Castle |
| 17:35 | popkovandrey2007 · first_market_buy 100 stone |
| 17:47 | Errorzxy · first_market_buy 100 food |
| 18:51 | silversurfernl · age_up castle |
| 19:21 | nisiopi13 · first_building Barracks |
| 19:28 | Errorzxy · first_building Barracks |
| 19:35 | stelios19857 · first_building Barracks |
| 20:14 | Errorzxy · first_building Archery Range |
| 21:17 | stelios19857 · first_building Archery Range |
| 21:27 | Errorzxy · age_up castle |
| 21:47 | nisiopi13 · first_market_buy 100 food |
| 22:39 | Errorzxy · first_building Monastery |
| 22:40 | nisiopi13 · first_building Castle |
| 23:04 | ChalupaConLimon · first_building Stable |
| 24:23 | silversurfernl · first_building Castle |
| 25:11 | ChalupaConLimon · first_building Castle |
| 25:55 | popkovandrey2007 · first_building Monastery |
| 26:20 | stelios19857 · first_market_buy 100 food |
| 26:37 | Errorzxy · first_building Stable |
| 26:54 | Errorzxy · first_building Castle |
| 27:15 | silversurfernl · first_building Siege Workshop |
| 27:35 | AmbassadorKaifa · first_building Castle |
| 28:12 | popkovandrey2007 · first_building Barracks |
| 28:31 | danila90r · first_market_buy 500 food |
| 29:33 | stelios19857 · age_up imperial |
| 29:42 | popkovandrey2007 · wall_segment Stone Wall x18 |
| 29:55 | popkovandrey2007 · age_up imperial |
| 29:57 | popkovandrey2007 · first_building Archery Range |
| 30:33 | ChalupaConLimon · first_building Archery Range |
| 30:34 | popkovandrey2007 · first_building Stable |
| 30:42 | nisiopi13 · age_up imperial |
| 30:49 | ChalupaConLimon · age_up imperial |
| 32:23 | popkovandrey2007 · first_building Castle |
| 32:32 | silversurfernl · age_up imperial |
| 33:03 | popkovandrey2007 · wall_segment Stone Wall x10 |
| 33:50 | danila90r · first_building Barracks |
| 34:01 | popkovandrey2007 · first_building Siege Workshop |
| 35:05 | stelios19857 · first_market_sell 100 food |
| 35:05 | Errorzxy · age_up imperial |
| 35:37 | ChalupaConLimon · wall_segment Stone Wall x26 |
| 36:14 | AmbassadorKaifa · age_up imperial |
| 36:37 | danila90r · first_building Archery Range |
| 36:42 | danila90r · age_up imperial |
| 38:34 | Errorzxy · tribute_sent a jugador 1 |
| 38:34 | Errorzxy · tribute_sent a jugador 2 |
| 38:34 | Errorzxy · tribute_sent a jugador 3 |
| 38:34 | Errorzxy · tribute_sent a jugador 5 |
| 38:34 | Errorzxy · tribute_sent a jugador 6 |
| 38:34 | Errorzxy · tribute_sent a jugador 7 |
| 38:34 | Errorzxy · tribute_sent a jugador 8 |
| 38:40 | popkovandrey2007 · tribute_sent a jugador 1 |
| 38:40 | popkovandrey2007 · tribute_sent a jugador 2 |
| 38:40 | popkovandrey2007 · tribute_sent a jugador 3 |
| 38:40 | popkovandrey2007 · tribute_sent a jugador 4 |
| 38:40 | popkovandrey2007 · tribute_sent a jugador 5 |
| 38:40 | popkovandrey2007 · tribute_sent a jugador 7 |
| 38:40 | popkovandrey2007 · tribute_sent a jugador 8 |
| 46:01 | ChalupaConLimon · wall_segment Stone Wall x12 |
| 48:13 | silversurfernl · first_market_sell 100 wood |
| 48:29 | AmbassadorKaifa · first_market_buy 100 wood |
| 50:43 | AmbassadorKaifa · first_building Monastery |
| 52:18 | Errorzxy · first_building Siege Workshop |
| 52:55 | nisiopi13 · tribute_sent a jugador 1 |
| 52:55 | nisiopi13 · tribute_sent a jugador 2 |
| 52:55 | nisiopi13 · tribute_sent a jugador 3 |
| 52:55 | nisiopi13 · tribute_sent a jugador 4 |
| 52:55 | nisiopi13 · tribute_sent a jugador 6 |
| 52:55 | nisiopi13 · tribute_sent a jugador 7 |
| 52:55 | nisiopi13 · tribute_sent a jugador 8 |
| 52:59 | popkovandrey2007 · first_market_sell 500 food |
| 54:35 | ChalupaConLimon · wall_segment Stone Wall x23 |
| 56:47 | Errorzxy · first_market_sell 500 wood |
| 57:41 | stelios19857 · tribute_sent a jugador 1 |
| 57:41 | stelios19857 · tribute_sent a jugador 2 |
| 57:41 | stelios19857 · tribute_sent a jugador 3 |
| 57:41 | stelios19857 · tribute_sent a jugador 4 |
| 57:41 | stelios19857 · tribute_sent a jugador 5 |
| 57:41 | stelios19857 · tribute_sent a jugador 6 |
| 57:41 | stelios19857 · tribute_sent a jugador 8 |
| 59:46 | danila90r · first_building Siege Workshop |
| 62:12 | silversurfernl · first_building Monastery |
| 63:03 | AmbassadorKaifa · first_market_sell 500 food |
| 65:00 | silversurfernl · first_market_buy 100 stone |
| 66:18 | nisiopi13 · tribute_sent a jugador 1 |
| 66:18 | nisiopi13 · tribute_sent a jugador 2 |
| 66:18 | nisiopi13 · tribute_sent a jugador 3 |
| 66:18 | nisiopi13 · tribute_sent a jugador 4 |
| 66:18 | nisiopi13 · tribute_sent a jugador 6 |
| 66:18 | nisiopi13 · tribute_sent a jugador 7 |
| 66:18 | nisiopi13 · tribute_sent a jugador 8 |
| 69:59 | AmbassadorKaifa · tribute_sent a jugador 2 |
| 69:59 | AmbassadorKaifa · tribute_sent a jugador 3 |
| 69:59 | AmbassadorKaifa · tribute_sent a jugador 4 |
| 69:59 | AmbassadorKaifa · tribute_sent a jugador 5 |
| 69:59 | AmbassadorKaifa · tribute_sent a jugador 6 |
| 69:59 | AmbassadorKaifa · tribute_sent a jugador 7 |
| 69:59 | AmbassadorKaifa · tribute_sent a jugador 8 |
| 74:34 | nisiopi13 · first_building Archery Range |
| 76:09 | ChalupaConLimon · resign |
[ ANÁLISIS IA · 1 CRÉDITO ]
¿Qué pasó realmente en esta partida?
Wolo.gg analiza cada decisión: build order, eco, micro, errores típicos por bracket. Análisis personalizado por WhatsApp o Discord en 30 segundos.
Guía civ
Mapuche
Perfil
Jugador #47609